 Dungeon Crawl Stone Soup version 0.28.0-53-g5a82cb258f (webtiles) character file.

Game seed: 8287362775942183310

50 DocClef the Skirmisher (level 3, -4/30 HPs)
             Began as a Demonspawn Gladiator on July 6, 2022.
             Slain by a gnoll
             ... wielding a +0 flail
              (7 damage)
             ... on level 2 of the Dungeon.
             The game lasted 00:01:21 (1307 turns).

DocClef the Skirmisher (Demonspawn Gladiator)       Turns: 1307, Time: 00:01:22

Health: -4/30      AC:  4    Str: 16    XL:     3   Next: 55%
Magic:  3/3        EV: 12    Int:  9    God:
Gold:   61         SH:  4    Dex: 14    Spells: 2/2 levels left

rFire   . . .      SeeInvis .   g - +0 battleaxe
rCold   . . .      Faith    .   (shield currently unavailable)
rNeg    . . .      Spirit   .   b - +0 leather armour
rPois   .          Reflect  .   c - +0 helmet
rElec   .          Harm     .   (no cloak)
rCorr   .          Rampage  .   (no gloves)
Will    .....                   (no boots)
Stlth   +.........              (no amulet)
HPRegen 0.10/turn               (no ring)
MPRegen 0.08/turn               (no ring)

@: no status effects
A: large bone plates 1
a: no special abilities


You were on level 2 of the Dungeon.
You visited 1 branch of the dungeon, and saw 2 of its levels.

You collected 61 gold pieces.

Inventory:

Hand Weapons
 a - a +0 war axe
 g - a +0 battleaxe (weapon)
Missiles
 d - 3 throwing nets (quivered)
Armour
 b - a +0 leather armour (worn)
 c - a +0 helmet (worn)
Scrolls
 e - a scroll of fear {unknown}
 f - 2 scrolls of identify {unknown}
Potions
 h - a potion of lignification {unknown}


   Skills:
 + Level 4.0 Fighting
 - Level 2.6 Axes
 - Level 1.7 Throwing
 - Level 2.6 Dodging


You had 2 spell levels left.
You didn't know any spells.
Your spell library was empty.

Dungeon Overview and Level Annotations

Branches:
Dungeon (2/15)

Altars:


Innate Abilities, Weirdness & Mutations

You are partially covered in large bone plates. (SH +4)


Message History

Your Fighting skill increases to level 4!
No target in view!
No target in view!
Found 18 bolts.
You now have 53 gold pieces (gained 10).
You now have 61 gold pieces (gained 8).
You see here 18 bolts.
A hobgoblin comes into view.
A hobgoblin is nearby!
A hobgoblin is nearby!
A hobgoblin is nearby!
A hobgoblin is nearby!
A hobgoblin is nearby!
You slash the hobgoblin!
You kill the hobgoblin!
No target in view! 2 gnolls come into view.
There are monsters nearby!
There are monsters nearby!
There are monsters nearby!
There are monsters nearby!
A gnoll comes into view. It is wielding a +0 flail.
The gnoll closely misses you.
You barely miss the gnoll. You block the gnoll's attack. The gnoll misses you.
The gnoll hits you from afar with a +0 spear.
You closely miss the gnoll. The gnoll hits you with a +0 flail.
You block the gnoll's attack. x2
The gnoll shouts!
The gnoll closely misses you.
You closely miss the gnoll. You hit the gnoll but do no damage.
The gnoll hits you with a +0 flail! The gnoll hits you with a +0 spear.
The gnoll hits you with a +0 flail.
* * * LOW HITPOINT WARNING * * *
Unknown command.
You hit the gnoll but do no damage. You hit the gnoll.
You closely miss the gnoll. You block the gnoll's attack.
The gnoll hits you with a +0 spear.
* * * LOW HITPOINT WARNING * * *
The gnoll hits you with a +0 flail!
You die...

##### ########
#.... ........
#.... .......
#.... .#...#
#.... ..#.#
#...g#g..# ..
#...g@#..#...
#..#...###...
#...#..#..#..
##...###...#.
#..#...#...#
#.#.....#..#
#.†......#
#.#.....#..#..#.
#..#...#...#...#.


You could see 3 gnolls.

Vanquished Creatures
  2 dart slugs (D:1)
  3 endoplasms
  2 giant cockroaches (D:1)
  3 goblins (D:1)
  5 hobgoblins
  3 jackals (D:2)
  5 kobolds
  A quokka (D:1)
  5 ball pythons
  3 bats
  4 frilled lizards (D:1)
  7 rats
43 creatures vanquished.

Notes
Turn   | Place    | Note
-------+----------+-------------------------------------------
     0 | D:1      | DocClef the Demonspawn Gladiator began the quest for the
                  | Orb.
     0 | D:1      | Reached XP level 1. HP: 16/16 MP: 1/1
   203 | D:1      | Gained mutation: You are partially covered in large bone
                  | plates. (SH +4) [demonic ancestry]
   203 | D:1      | Reached XP level 2. HP: 18/23 MP: 2/2
   363 | D:1      | Reached skill level 3 in Fighting
   856 | D:1      | Reached XP level 3. HP: 27/29 MP: 3/3
  1278 | D:2      | Reached skill level 4 in Fighting
  1307 | D:2      | Slain by a gnoll

Illustrated notes

Levels and vault maps discovered:
D:1:      dpeg_arrival_round_b, layout_basic
D:2:      layout_rooms, minmay_splitting_lines

Skill      XL: |  1  2  3 |
---------------+----------+-----
Fighting       | 3 4 |  4.0
Axes           | |  2.6
Throwing       | |  1.7
Dodging        | |  2.6

Action                   || total
-------------------------++-------
Melee: War axe           ||    57
       Punch             ||     1
       Battleaxe         ||    58
 Stab: Sleeping          ||     2
Armor: Leather armour    ||    39
Dodge: Dodged            ||    77
Block: Other             ||    26
